 Dungeon Crawl Stone Soup version 0.29.1-12-g30fa7ad0bf (webtiles) character file.

Game seed: 7528861059886312320

136 growler the Trooper (level 4, -1/39 HPs)
             Began as a Demonspawn Wanderer on Jan 3, 2023.
             Killed by divine providence
             ... invoked by an orc priest
              (8 damage)
             ... on level 3 of the Dungeon.
             The game lasted 00:04:45 (2164 turns).

growler the Trooper (Demonspawn Wanderer)           Turns: 2164, Time: 00:04:47

Health: -1/39      AC: 11    Str: 15    XL:     4   Next: 98%
Magic:  0/5        EV:  6    Int: 12    God:
Gold:   193        SH:  4    Dex: 13    Spells: 4/5 levels left

rFire   . . .      SeeInvis .   a - +0 club
rCold   + . .      Faith    .   b - +0 buckler
rNeg    . . .      Spirit   +   d - +0 chain mail
rPois   .          Reflect  .   (helmet restricted)
rElec   .          Harm     .   (no cloak)
rCorr   .          Rampage  .   (no gloves)
Will    .....                   (no boots)
Stlth   ..........              q - amulet of guardian spirit
HPRegen 0.13/turn               p - ring of protection from cold
MPRegen 0.09/turn               (no ring)

@: no status effects
A: horns 1, molten scales 1, powered by pain 1
a: no special abilities


You were on level 3 of the Dungeon.
You visited 1 branch of the dungeon, and saw 3 of its levels.

You collected 193 gold pieces.

Inventory:

Hand Weapons
 a - a +0 club (weapon)
Armour
 b - a +0 buckler (worn)
 d - a +0 chain mail (worn)
 e - a +0 pair of gloves
Jewellery
 p - a ring of protection from cold (left hand)
 q - an amulet of guardian spirit (around neck)
Wands
 m - a wand of iceblast (8)
Scrolls
 g - 3 scrolls of identify {unknown}
 h - a scroll of vulnerability {unknown}
 k - 2 scrolls of enchant armour {unknown}
 l - 2 scrolls of teleportation {unknown}
 n - a scroll of noise {unknown}
 r - a scroll of silence {unknown}
Potions
 c - a potion of attraction
 f - 2 potions of curing {unknown}
 i - a potion of might {unknown}
 j - a potion of heal wounds {unknown}
 o - a potion of haste {unknown}


   Skills:
 + Level 5.2 Fighting
 - Level 4.5 Armour
 - Level 1.0 Shields
 - Level 1.0 Spellcasting
 - Level 1.0 Hexes


You had 4 spell levels left.
You knew the following spells:

 Your Spells              Type           Power      Damage    Failure   Level
a - Slow                  Hex            12%        N/A       99%         1

Your spell library contained the following spells:

 Spells                   Type           Power      Damage    Failure   Level
 Magic Dart               Conj           0%         1d3       100%        1
 Call Imp                 Summ           0%         N/A       100%        2
 Dazzling Flash           Conj/Hex       2%         N/A       100%        3
 Mephitic Cloud           Conj/Pois/Air  0%         N/A       100%        3
 Summon Forest            Summ/Tloc      0%         N/A       100%        5
 Summon Mana Viper        Hex/Summ       1%         N/A       100%        5
 Summon Cactus Giant      Summ           0%         N/A       100%        6


Dungeon Overview and Level Annotations

Branches:
Dungeon (3/15)

Altars:


Innate Abilities, Weirdness & Mutations

You have a pair of small horns on your head.
You are partially covered in molten scales. (AC +2)
You sometimes gain a little power by taking damage.


Message History

Beogh smites you!
You focus on the pain.
You feel your power returning. The orc hits you but does no damage.
You are too injured to fight recklessly!
You are too injured to fight recklessly!
You are too injured to fight recklessly!
The orc attacks as you move away! The orc hits you but does no damage.
You hit the orc but do no damage. You headbutt the orc.
The orc is severely wounded.
You block the orc's attack.
You hit the orc.
The orc is almost dead.
The orc hits you but does no damage. The orc hits you with a +0 falchion.
You barely miss the orc.
The orc is almost dead.
The orc hits you with a +0 falchion.
You hit the orc but do no damage.
The orc is almost dead.
The orc barely misses you.
You hit the orc but do no damage. Your headbutt misses the orc.
The orc is severely wounded.
The orc hits you but does no damage. The orc hits you with a +0 falchion.
* * * LOW HITPOINT WARNING * * *
You hit the orc.
The orc is almost dead.
The orc hits you but does no damage.
You hit the orc.
You kill the orc!
You closely miss the orc. The orc hits you with a +0 whip.
* * * LOW HITPOINT WARNING * * *
The orc hits you but does no damage.
You hit the orc but do no damage. The orc barely misses you.
You barely miss the orc. Your headbutt misses the orc.
The orc hits you but does no damage.
You hit the orc. You headbutt the orc, but do no damage.
The orc is lightly wounded.
The orc hits you with a +0 whip.
* * * LOW HITPOINT WARNING * * *
The orc priest calls down the wrath of Beogh upon you.
Beogh smites you!
You die...

#.# #.. #.## # # #.# #
#..##.###.## #.# .#
)........... #.###.###
##.##....... ##........
#...........##....?..?.
#..##..#.......o.......
##.#....>.# #o#
#....##.#.# #@# ...####
#.# #.# .#.# #.#.# #.#
##.# #.#.# ####.# #.#
...# #....# #.#
#.###.#### #.# ##.....#
##.#####...####
.......†...#


You could see an orc priest and an orc.

Vanquished Creatures
  A hound (D:3)
  An orc wizard (D:3)
  2 adders
  A dart slug (D:1)
  4 orcs (D:3)
  3 endoplasms
  4 giant cockroaches
  7 goblins
  3 hobgoblins (D:2)
  9 kobolds
  4 quokkas
  4 ball pythons
  5 bats
  2 frilled lizards (D:1)
  5 rats (D:2)
55 creatures vanquished.

Notes
Turn   | Place    | Note
-------+----------+-------------------------------------------
     0 | D:1      | growler the Demonspawn Wanderer began the quest for the
                  | Orb.
     0 | D:1      | growler set off with the following items: a +0 club, a +0
                  | buckler, a potion of attraction, a +0 chain mail; and the
                  | following spell memorised: Slow; and the following spells
                  | available to memorise: Dazzling Flash.
     0 | D:1      | Reached XP level 1. HP: 16/16 MP: 2/2
    40 | D:1      | Found a faded altar of an unknown god.
    86 | D:1      | Gained mutation: You are partially covered in molten
                  | scales. (AC +2) [demonic ancestry]
    86 | D:1      | Reached XP level 2. HP: 23/23 MP: 3/3
   224 | D:1      | Reached skill level 3 in Fighting
   928 | D:2      | Gained mutation: You have a pair of small horns on your
                  | head. [demonic ancestry]
   928 | D:2      | Reached XP level 3. HP: 27/29 MP: 4/4
  1174 | D:2      | Reached skill level 4 in Fighting
  1826 | D:3      | Gained mutation: You sometimes gain a little power by
                  | taking damage. [demonic ancestry]
  1826 | D:3      | Reached XP level 4. HP: 27/38 MP: 5/5
  2109 | D:3      | Reached skill level 5 in Fighting
  2164 | D:3      | Killed from afar by an orc priest

Illustrated notes

Levels and vault maps discovered:
D:1:      saegor_arrival_under_anarchy, layout_rooms,
          ebering_ecumenical_altar_petrified
D:2:      layout_basic
D:3:      layout_rooms, uniq_grinder

Skill      XL: |  1  2  3  4 |
---------------+-------------+-----
Fighting       | 3 4 5 |  5.2
Armour         | |  4.5
Shields        | |  1.0
Spellcasting   | |  1.0
Hexes          | |  1.0

Action                   |  1- 3 |  4- 6 || total
-------------------------+-------+-------++-------
Melee: Club              |   181 |    47 ||   228
       Headbutt          |    15 |     7 ||    22
Armor: Chain mail        |   146 |    40 ||   186
Dodge: Dodged            |    60 |    13 ||    73
Block: Buckler           |    33 |     2 ||    35
